Cogmind - Beta 16.1 @@@ ROGUE MODE // 2026.02.23 @ 17:08:01 Player: Kosys Result: Destroyed by Y-45 Defender with Beam Rifle Performance ------------- Evolutions (2) 1000 Regions Visited (4) 800 Robots Destroyed (19) 95 Value Destroyed (325) 325 Prototype IDs (0) 0 Alien Tech Used (0) 0 Bonus (0) 0 TOTAL SCORE: 2220 Bonus ------- None Cogmind --------- Core Integrity 0/550 Matter 280/300 Energy 70/100 System Corruption 0% Temperature Cool (9) Movement Core (50) Location -8/Materials Parts ------- > --- POWER (1) -------- (None) > --- PROPULSION (4) --- (None) > --- UTILITY (3) ------ (None) > --- WEAPON (3) ------- Improved Datajack > --- INVENTORY (5) ---- Light Nuclear Core Light Nuclear Core Light Nuclear Core Improved Terrain Scanner Hacking Suite Peak State ------------ > --- POWER ------------ Light Nuclear Core > --- PROPULSION ------- Flight Unit Flight Unit Flight Unit Flight Unit > --- UTILITY ---------- Medium Matter Pod Hacking Suite Tractor Beam > --- WEAPON ----------- Light Assault Rifle Light Assault Rifle Light Assault Rifle > --- INVENTORY -------- Light Nuclear Core Light Nuclear Core Light Nuclear Core Improved Terrain Scanner [Rating: 16] Favorites ----------- Power Light Ion Engine Engine Light Ion Engine Power Core Light Nuclear Core Propulsion Flight Unit Wheel Compact Wheel Flight Unit Flight Unit Utility Tractor Beam Device Tractor Beam Storage Small Storage Unit Hackware Hacking Suite Weapon Light Assault Rifle Energy Gun Small Laser Energy Cannon Heavy Particle Cannon Ballistic Gun Light Assault Rifle Special Melee Weapon Improved Datajack Build | -11 -10 -9 -9 -8 ------- Run | Yrd Mat Mat Min Mat Slots Evolved 4 | . . 2 . 2 Power . | . . . . . Propulsion 2 | . . 2 . . Utility 1 | . . . . 1 Weapon 1 | . . . . 1 Parts Attached 28 | 8 4 7 . 9 Power 2 | 1 . 1 . . Engine 1 | 1 . . . . Core 1 | . . 1 . . Reactor . | . . . . . Propulsion 10 | 2 2 3 . 3 Treads . | . . . . . Leg . | . . . . . Wheel 2 | 2 . . . . Hover . | . . . . . Flight 8 | . 2 3 . 3 Utility 6 | 2 2 1 . 1 Device 3 | 1 2 . . . Storage 2 | 1 . 1 . . Processor . | . . . . . Hackware 1 | . . . . 1 Protection . | . . . . . Artifact . | . . . . . Weapon 10 | 3 . 2 . 5 Energy Gun 3 | 1 . . . 2 Energy Cannon 1 | . . . . 1 Ballistic Gun 5 | 2 . 2 . 1 Ballistic Cannon . | . . . . . Launcher . | . . . . . Special Weapon . | . . . . . Impact Weapon . | . . . . . Slashing Weapon . | . . . . . Piercing Weapon . | . . . . . Special Melee Weapon 1 | . . . . 1 Unidentified Prototypes . | . . . . . Parts Lost 19 | . 1 1 . 17 Power 2 | . . 1 . 1 Propulsion 7 | . . . . 7 Utility 4 | . 1 . . 3 Weapon 6 | . . . . 6 Highest Loss Streak 17 | . 1 1 . 17 To Critical Strikes . | . . . . . Average Backups 4 | 2 5 4 5 4 Power 2 | 1 2 2 3 3 Propulsion . | . 1 . . . Utility . | . . 1 1 1 Weapon . | . 1 1 1 . Tool/Special . | . . . . . Unused Backups 10 | . 4 2 . 4 Power 7 | . 2 2 . 3 Propulsion 2 | . 2 . . . Utility 1 | . . . . 1 Weapon . | . . . . . Tool/Special . | . . . . . Average Slot Usage (%) 81 | . 95 77 100 63 Engine 4 | . 14 6 . . Core 4 | . . 3 11 5 Wheel 5 | . 22 . . . Flight 26 | . 5 37 44 23 Device 9 | . 15 11 11 4 Storage 7 | . 12 . 11 6 Hackware 1 | . . . . 5 Energy Gun 1 | . 5 . . . Ballistic Gun 19 | . 21 18 22 17 Peak Build Rating 16 | 9 9 12 12 16 Average Rating 9 | 7 8 8 12 10 On Entrance 7 | . 9 5 12 12 Avg Prop Armor Cover (%) . | . . . . . Naked Turns 6 | . . . . 6 Heaviest Build 12 | 12 12 10 10 11 Greatest Support 26 | 26 26 16 16 16 Greatest Overweight (x) 2 | . 2 . . . Average Overweight (x) . | . . . . . Largest Inventory Capacity 8 | 8 8 5 5 5 Average Capacity 6 | 7 7 5 5 5 Most Carried 7 | 6 7 5 5 5 Average Carried 4 | 2 5 4 5 4 Final Capacity 8 | 8 5 5 5 5 Final Carried 6 | 6 4 5 5 5 Class Distribution -------------------- 52% | Mutant 43% | Scavenger-Sprinter 3% | Scavenger-Gunner Dominant Class ---------------- Mutant | -10/Materials Scavenger-Sprinter | -9/Materials Scavenger-Sprinter | -9/Mines Scavenger-Sprinter | -8/Materials Resources | -11 -10 -9 -9 -8 ----------- Run | Yrd Mat Mat Min Mat Matter Collected 630 | 280 51 84 116 99 Remotely 303 | . 21 84 116 82 Salvage Created 554 | 168 51 104 . 231 Parts 46 | 9 6 12 . 19 Haulers Intercepted . | . . . . . Recyclers Shooed . | . . . . . Parts Field Recycled . | . . . . . Retrieved Matter . | . . . . . Parts Self-Destructed . | . . . . . Prevented . | . . . . . Parts Restored . | . . . . . Kills | -11 -10 -9 -9 -8 ------- Run | Yrd Mat Mat Min Mat Combat Hostiles Destroyed 13 | . 3 4 . 6 Guns 13 | . 3 4 . 6 Classes Destroyed 7 | 3 1 1 . 2 Worker 2 | 2 . . . . Tunneler 2 | 2 . . . . Recycler 1 | 1 . . . . Operator 1 | . . . . 1 Swarmer 8 | . 3 2 . 3 Grunt 4 | . . 2 . 2 Sentry 1 | . . . . 1 Best Kill Streak 5 | 2 3 2 . 5 Combat Bots Only 5 | . 3 2 . 5 Max Kills in Single Turn 2 | 1 2 1 . 1 Gunslinging 1 | . 1 . . . Exploded . | . . . . . Melee . | . . . . . Uniques/NPCs Destroyed . | . . . . . Combat | -11 -10 -9 -9 -8 -------- Run | Yrd Mat Mat Min Mat Hostile Shots Fired 162 | . 24 16 . 122 Missed 55 | . 10 5 . 40 Hits 107 | . 14 11 . 82 Projectile 107 | . 14 11 . 82 Critical Strikes 1 | . . . . 1 Damage Taken 1532 | . 157 108 . 1267 Core 618 | . 30 26 . 562 Absorbed by Shields . | . . . . . Regen/Repaired (Parts) 4 | . . . . 4 Core Remaining (%) 93 | 100 88 . 93 . Volleys Fired 70 | 30 5 13 . 22 Largest 3 | 1 2 2 . 3 Hottest 85 | 40 40 40 . 85 Shots Fired 123 | 30 10 22 . 61 Gun 123 | 30 10 22 . 61 Cannon . | . . . . . Launcher . | . . . . . Special . | . . . . . Kinetic 89 | . 10 22 . 57 Thermal 31 | 30 . . . 1 Explosive . | . . . . . Electromagnetic 3 | . . . . 3 Robot Hit Streak 8 | 6 5 6 . 8 Robot Miss Streak 4 | 3 4 3 . 3 Penetration Max . | . . . . . Secondary Targets 4 | . 1 . . 3 Max Gunslinging Chain 1 | . 1 . . 1 Shots Hit Robots 75 | 18 6 12 . 39 Core Hits 41 | 6 3 6 . 26 Critical Kills . | . . . . . Critical Parts Destroyed . | . . . . . Critical Strikes . | . . . . . Melee Attacks 1 | . . . . 1 Impact . | . . . . . Slashing . | . . . . . Piercing . | . . . . . Sneak Attacks . | . . . . . Combat Hostiles . | . . . . . Follow-up Attacks . | . . . . . Damage Inflicted 760 | 197 62 104 . 397 Guns 742 | 197 62 104 . 379 Cannons . | . . . . . Explosions . | . . . . . Melee . | . . . . . Ramming 18 | . . . . 18 Kinetic 491 | . 62 104 . 325 Thermal 214 | 197 . . . 17 Explosive . | . . . . . Electromagnetic 37 | . . . . 37 Impact . | . . . . . Slashing . | . . . . . Piercing . | . . . . . Highest Corruption . | . . . . . Average Corruption . | . . . . . Corruption Purged . | . . . . . Corruption Blocked . | . . . . . Overload Shots . | . . . . . Overflow Damage . | . . . . . Projectiles . | . . . . . Explosions . | . . . . . Melee . | . . . . . Knockbacks . | . . . . . Impact . | . . . . . Kinetic . | . . . . . Secondary . | . . . . . Self-Inflicted Damage 8 | . . . . 8 Shots . | . . . . . Rammed 5 | . . . . 5 Targets Rammed 5 | . . . . 5 Kicked . | . . . . . Crushed . | . . . . . Highest Temperature 414 | . . 16 . 414 Average Temperature 146 | . . 5 . 174 Received Heat Transfer 765 | . 12 42 . 711 Effects 2 | . . . . 2 Damage (major) 2 | . . . . 2 Siege Activations . | . . . . . Martial Activations . | . . . . . Shielding Activations . | . . . . . Robots Disrupted . | . . . . . Combat Hostiles . | . . . . . Robots Corrupted . | . . . . . Combat Hostiles . | . . . . . Parts Fried . | . . . . . Impact Corruptions . | . . . . . Robots Melted . | . . . . . Combat Hostiles . | . . . . . Parts Melted . | . . . . . Heat Transferred 487 | 450 . . . 37 Parts Sabotaged . | . . . . . Parts Stolen . | . . . . . Parts Stripped . | . . . . . Power Chain Reactions . | . . . . . Alert | -11 -10 -9 -9 -8 ------- Run | Yrd Mat Mat Min Mat Maximum Alert Level . | . . . . . Low Security (%) 100 | 100 100 100 100 100 Level 1 . | . . . . . Level 2 . | . . . . . Level 3 . | . . . . . Level 4 . | . . . . . Level 5 . | . . . . . High Security . | . . . . . Max Security . | . . . . . Peak Influence 180 | 10 70 66 17 180 Initial 17 | . 3 16 17 . Average 25 | 1 19 50 3 50 Influence Increases 507 | 25 70 90 . 322 Destroy 0b10 Robot/C 260 | . 60 80 . 120 Destroy 0b10 Robot/NC 30 | 25 . . . 5 Destroy Leader 50 | . 10 10 . 30 Successful Hack 2 | . . . . 2 Lose Combat Pursuer 165 | . . . . 165 Influence Decreases 422 | 20 35 84 46 237 Entered New Map 55 | . 2 24 29 . Time Decay 177 | 20 23 50 17 67 Lost Part 190 | . 10 10 . 170 Squads Dispatched 4 | . 1 1 . 2 Investigation 1 | . 1 . . . Extermination . | . . . . . Reinforcement 3 | . . 1 . 2 Assault . | . . . . . Garrison . | . . . . . Intercept . | . . . . . Searches Triggered . | . . . . . Construction Impeded . | . . . . . Haulers Reinforced . | . . . . . Active Scanning Responses . | . . . . . Cargo Convoy Interrupts . | . . . . . Stealth | -11 -10 -9 -9 -8 --------- Run | Yrd Mat Mat Min Mat Distress Signals . | . . . . . Communications Jammed . | . . . . . Distress Signals . | . . . . . Times Spotted 38 | . 6 7 . 25 Peak Tracking Total 12 | . 5 3 . 12 Tactical Retreats 4 | . . . . 4 Traps | -11 -10 -9 -9 -8 ------- Run | Yrd Mat Mat Min Mat Traps Triggered 1 | . 1 . . . Indirectly . | . . . . . Trap Hack Attempts . | . . . . . Triggered . | . . . . . Disarmed . | . . . . . Reprogrammed . | . . . . . Reused . | . . . . . Traps Extracted . | . . . . . Installed . | . . . . . Triggered . | . . . . . Machines | -11 -10 -9 -9 -8 ---------- Run | Yrd Mat Mat Min Mat Machines Disabled . | . . . . . Max in Single Turn . | . . . . . Machines Repaired . | . . . . . Machines Dismantled . | . . . . . Machines Sabotaged . | . . . . . Overloaded Fab Kills . | . . . . . Hacking | -11 -10 -9 -9 -8 --------- Run | Yrd Mat Mat Min Mat Machines Accessed 2 | . 1 . . 1 Terminals . | . . . . . Fabricators . | . . . . . Repair Stations 1 | . . . . 1 Recycling Units 1 | . 1 . . . Scanalyzers . | . . . . . Garrison Access . | . . . . . Total Hacks 7 | . 3 . . 4 Successful 6 | . 3 . . 3 Failed 1 | . . . . 1 Catastrophic . | . . . . . Database Lockouts . | . . . . . Manual . | . . . . . Terminals . | . . . . . Fabricators . | . . . . . Repair Stations 4 | . . . . 4 Recycling Units 3 | . 3 . . . Scanalyzers . | . . . . . Garrison Access . | . . . . . Terminal Hacks . | . . . . . Fabricator Hacks . | . . . . . Repair Station Hacks 3 | . . . . 3 Scan Component 2 | . . . . 2 Repair 1 | . . . . 1 Recycling Unit Hacks 3 | . 3 . . . Retrieve Matter 3 | . 3 . . . Scanalyzer . | . . . . . Garrison Access Hacks . | . . . . . Unauthorized Hacks . | . . . . . Terminals . | . . . . . Fabricators . | . . . . . Repair Stations . | . . . . . Recycling Units . | . . . . . Scanalyzers . | . . . . . Garrison Access . | . . . . . Data Cores Recovered . | . . . . . Used . | . . . . . Hacking Detections 1 | . 1 . . . Full Trace Events 1 | . 1 . . . Feedback Events . | . . . . . Feedback Blocked . | . . . . . Robot Schematics Acquired . | . . . . . Robots Built . | . . . . . Authchips . | . . . . . Time . | . . . . . Total Robot Build Rating . | . . . . . Part Schematics Acquired . | . . . . . Parts Built . | . . . . . Authchips . | . . . . . Time . | . . . . . Total Part Build Rating . | . . . . . Part Studies Acquired . | . . . . . Parts Repaired 1 | . . . . 1 Time 26 | . . . . 26 Parts Recycled . | . . . . . Recycled Matter . | . . . . . Retrieved Matter . | . . . . . Retrieved Components . | . . . . . Parts Scanalyzed . | . . . . . Part Schematics Acquired . | . . . . . Parts Damaged . | . . . . . Bothacking | -11 -10 -9 -9 -8 ------------ Run | Yrd Mat Mat Min Mat Used RIF Installer . | . . . . . Robots Hacked 1 | . . . . 1 Non-combat . | . . . . . Combat 1 | . . . . 1 Robot Hacks Applied 1 | . . . . 1 parse_system 1 | . . . . 1 Relay Couplers Released . | . . . . . Fabnet Peak Effective % . | . . . . . Robots Rewired . | . . . . . Allies Hacked . | . . . . . Hacks Repelled . | . . . . . Allies | -11 -10 -9 -9 -8 -------- Run | Yrd Mat Mat Min Mat Total Allies . | . . . . . Largest Group . | . . . . . Highest-Rated Group . | . . . . . Highest-Rated Ally . | . . . . . Total Orders . | . . . . . Ally Attacks . | . . . . . Total Damage . | . . . . . Kills . | . . . . . Allies Corrupted . | . . . . . Allies Melted . | . . . . . Intel | -11 -10 -9 -9 -8 ------- Run | Yrd Mat Mat Min Mat Active Infowar (turns) 209 | 88 121 . . . Terrain 196 | 88 108 . . . Seismic 13 | . 13 . . . Robot Analysis Total . | . . . . . Derelict Logs Recovered 1 | . . . 1 . Drone Launches . | . . . . . Drone Recoveries . | . . . . . Exploration | -11 -10 -9 -9 -8 ------------- Run | Yrd Mat Mat Min Mat Turns Passed 699 | 156 127 108 117 191 Spaces Moved 827 | 88 129 185 204 221 Core 37 | 3 . . . 34 Treads . | . . . . . Legs . | . . . . . Wheels 173 | 85 88 . . . Hover . | . . . . . Flight 617 | . 41 185 204 187 Fastest Speed 31 | 50 37 31 31 31 Average Speed 46 | 89 76 32 31 36 Slowest Speed 200 | 100 200 37 31 50 Overloaded Moves . | . . . . . Propulsion Burnouts . | . . . . . Robots Hopped 5 | . . . 5 . Potential Cave-ins . | . . . . . Cave-ins Triggered . | . . . . . Exploration Rate (%) 26 | 4 30 22 57 21 Regions Visited 4 Branch Regions 1 Pre-discovered Areas 1 | . . . 1 . Known Exits Taken . | . . . . . Unknown Exits Taken 4 | 1 1 1 1 . Scrap Searched 2 | . . . 2 . Spaces Dug . | . . . . . Terrain Destroyed . | . . . . . Melee . | . . . . . Projectile . | . . . . . AOE . | . . . . . Terrain Rammed . | . . . . . Walls Destroyed . | . . . . . Machines Disabled . | . . . . . Actions | -11 -10 -9 -9 -8 --------- Run | Yrd Mat Mat Min Mat Total 1037 | 131 148 215 252 291 Wait 87 | . 2 4 54 27 Move 813 | 87 128 184 193 221 Hop 5 | . . . 5 . Pick Up 11 | 6 1 3 . 1 Fast Attach 26 | 7 4 5 . 10 Attach 1 | . . . . 1 Detach 2 | . 2 . . . Swap 5 | 1 1 2 . 1 Drop 11 | . 5 4 . 2 Fire 70 | 30 5 13 . 22 Melee 1 | . . . . 1 Ram 5 | . . . . 5 Kick . | . . . . . Crush . | . . . . . Escape Stasis . | . . . . . Rewire . | . . . . . Trap . | . . . . . Miscellaneous . | . . . . . Route ------- -11/Scrapyard -10/Materials -9/Materials -9/Mines -8/Materials History --------- Turn | Location | Event 5 | -11/Scrapyard | Discovered new exit (range 15) 157 | -11/Scrapyard | Entered Materials 280 | -10/Materials | Discovered new exit (range 13) 284 | -10/Materials | Entered another Materials area 284 | -9/Materials | Evolved 2 slots: Propulsion x2 387 | -9/Materials | Discovered new exit (range 7) 392 | -9/Materials | Entered Mines 398 | -9/Mines | Learned location of Storage (-7) 423 | -9/Mines | Assembled infested the area 428 | -9/Mines | Assisted by a Guerilla fighting off Assembled 506 | -9/Mines | Discovered new exit (range 10) 509 | -9/Mines | Entered Materials 509 | -8/Materials | Evolved 2 slots: Utility x1, Weapon x1 546 | -8/Materials | Repaired Flight Unit 638 | -8/Materials | Core integrity fell below 50% 650 | -8/Materials | Core integrity fell below 20% 700 | -8/Materials | Destroyed by Y-45 Defender with Beam Rifle Last Messages --------------- 00658_ O-24 Administrator: "IFF HANDSHAKE FAILED. SECURING TERMINAL." 00658_ K-01 Serf collects debris. 00668_ ALERT: Hostiles spotted, dispatching reinforcements to Terminal M003. 00677_ Flight Unit destroyed. 00677_ Slammed into Y-45 Defender. 00678_ K-01 Serf collects debris. 00678_ Slammed into Y-45 Defender. 00678_ Destabilizing: Core damaged (-5). 00679_ Slammed into Y-45 Defender. 00681_ K-01 Serf collects debris. 00682_ Slammed into K-01 Serf. 00687_ Hacking Suite destroyed. 00693_ Acquired Imp. Datajack. 00696_ Acquired Hvy. Particle Cannon. 00697_ Dropped Hvy. Particle Cannon. 00699_ Jacked Y-45 Defender... >>parse_system Reading system data... Map ----- +----------------------------------------------------+ | ??????????????# =! | | ??????????????####+### =! | | ???????????????# # [ !! | | ???????????????# # | | ???????????????# """ # | | ?????########### """ # | | ?????# % ## """ # | | ?????#! """"" ## # """"" | | ?????# """" ## [ # """"" | | ?????#! "" ######## """"" | | ?????#== = #??????# | | ?????#* *" "" #??????# | | ?????# !="""" #??????# """"" | | ?????#]%""""" #??????+ """" | | ?????#[** %!! #??????# """"" | | ?????####/#####??????# | | ??????# *!!########### | | ??????# !%[ | | ??????# = ]! | | ??????# ##### ]! ! | | ??##########???# ]! | | ??# #????# | | ??# ] """ #????# | | ??# """ #????# | | ??# """ #????# | | ??# @ #????####### | | ??####Y##+#?????###### | | ?????# #?????# # | | ?????####g#?????# "" # | | ???????## ##????# "" # ##### | | ???????# ###### "T # #???? | | ???????# # "" # #???? | | ???????# ### + "" + #???# | | ????#####+#### # # #?? ! | | ????# # ###### #? | | ????# """ # # | | ????# "T" # # | | ????# %" " # / | | ????# + ### # " | | ????# # #?# #?? " | | ????# # #?# #???? | | ????# ###### #???? | | ????# %+% #???? | | ????##### ############ #???? | | ????????###???????#### #???? | | ??????????????????# #???? | | ??????????????????#! !#???? | | ??????????????????##!!!!##???? | | ???????????????????######????? | | ?????????????????????????????? | +----------------------------------------------------+ Best States ------------- Heat Dissipation 31 Energy Generation 14 Energy Capacity 160 Matter Stores 400 Matter Capacity 400 Sight Range 16 Terrain Scan Range 16 Terrain Scan Density 10 Evasion (%) 63 Offensive Hacking 10 Item Schematics ----------------- None Robot Schematics ------------------ None Fabricated ------------ Nothing Repaired ---------- Flight Unit | 80% | -8/Materials Studied --------- None Alien Tech Used ----------------- None Achievements -------------- Part-time Mechanic Use The Force Challenges ------------ None Game ------ Seed GyrokineticDispersionBox Manual? 0 Play Time 00:18:46 Cumulative 5.7 hours Start 2026.02.21 @ 10:11:32 End 2026.02.23 @ 17:08:01 Sessions 5 Manual Loads 0 Difficulty Rogue Special Mode None Game No. 8 Rogue 8 Adventurer 0 Explorer 0 Win Type - Total 0 Types 0/0/0/0/0/0/0/0/0/0 Lore% 6 Gallery% 7 Achievement% 9 Wizard Run 0 Options --------- Layout 1 ASCII 0 Keyboard 0 Movement Mouse Keybinds 0 Fullscreen 1 Font 32/SmallcapsGlow Map View 50x35 Zoom Use 0% Tactical HUD 1 Map Filters NONE Filters NONE Steam 1 RUN: 9617de2d-af16-4ca9-8fb2-fe10d44e3d1c